General information
- name: BNet
- type: Ladder team game (AT/RT)
- host: Battle.net
- saver: colourrbars.
map: Mur'gulOasis
- players: 8
- length: 23:43
- speed: Fast
- version: 1.26 W3XP
- replay type: Public
» download(165 KB)
Players
team 1 (loser)
bEsErKr (
blue | 64 APM | 1501 actions | 23:31)
5 Archmage
3 Summon Water Elemental
2 Brilliance Aura
5 Paladin
2 Divine Shield
2 Holy Light
1 Devotion Aura
» actions
| Assign group hotkey | 20 | |
| Basic commands | 167 | |
| Build / train | 78 | |
| Enter build submenu | 20 | |
| Enter hero's abilities submenu | 10 | |
| Remove unit from queue | 5 | |
| Right click | 535 | |
| Select / deselect | 493 | |
| Select group hotkey | 64 | |
| Use ability | 109 | |
1501 total
» units
| Peasant | 19 | |
| Footman | 6 | |
| Sorceress | 10 | |
| Priest | 3 | |
| Knight | 3 | |
| Rifleman | 2 | |
43 total
» upgrades
| Lumber Harvesting | 1 | |
| Sorceress Training | 2 | |
| Priest Training | 2 | |
| Animal War Training | 1 | |
6 total
» buildings
| Altar of Kings | 1 | |
| Farm | 9 | |
| Barracks | 2 | |
| Scout Tower | 1 | |
| Arcane Tower | 1 | |
| Keep | 2 | |
| Lumber Mill | 1 | |
| Arcane Vault | 1 | |
| Blacksmith | 1 | |
| Arcane Sanctum | 2 | |
| Castle | 1 | |
| Town Hall | 1 | |
23 total
» build order
00:16 Altar of Kings
00:31 Farm
00:51 Barracks
00:54 Barracks
01:11 Farm
01:48 Farm
01:53 Scout Tower
02:35 Arcane Tower
02:45 Farm
03:55 Keep
05:02 Lumber Mill
05:07 Arcane Vault
05:09 Blacksmith
05:10 Farm
06:31 Arcane Sanctum
06:34 Arcane Sanctum
06:37 Farm
06:51 Castle
09:51 Farm
11:42 Farm
12:30 Farm
17:30 Town Hall
22:33 Keep
» items
| Scroll of Town Portal | 1 | |
| Potion of Lesser Invulnerability | 1 | |
2 total

»
lksokolk1ol1 (
red | 98 APM | 2298 actions | 23:31)
6 Lich
3 Frost Nova
2 Dark Ritual
1 Death and Decay
» actions
| Assign group hotkey | 72 | |
| Basic commands | 88 | |
| Build / train | 81 | |
| Enter build submenu | 21 | |
| Enter hero's abilities submenu | 6 | |
| Give item / drop item | 2 | |
| Right click | 1003 | |
| Select / deselect | 456 | |
| Select group hotkey | 426 | |
| Use ability | 143 | |
2298 total
» units
| Acolyte | 9 | |
| Ghoul | 15 | |
| Necromancer | 8 | |
| Obsidian Statue | 3 | |
| Meatwagon | 2 | |
| Gargoyle | 7 | |
44 total
» upgrades
| Unholy Strength | 2 | |
| Unholy Armor | 2 | |
| Exhume Corpses | 1 | |
| Necromancer Training | 2 | |
| Skeletal Longevity | 1 | |
| Skeletal Mastery | 1 | |
| Destroyer Form | 1 | |
| Creature Attack | 1 | |
11 total
» buildings
| Altar of Darkness | 1 | |
| Crypt | 1 | |
| Ziggurat | 5 | |
| Tomb of Relics | 1 | |
| Nerubian Tower | 1 | |
| Graveyard | 1 | |
| Halls of the Dead | 1 | |
| Spirit Tower | 3 | |
| Temple of the Damned | 2 | |
| Black Citadel | 1 | |
| Slaughterhouse | 1 | |
| Necropolis | 3 | |
21 total
» build order
00:04 Altar of Darkness
00:06 Crypt
00:12 Ziggurat
00:58 Tomb of Relics
01:36 Ziggurat
02:57 Nerubian Tower
03:25 Graveyard
06:04 Halls of the Dead
06:05 Ziggurat
06:08 Ziggurat
06:10 Spirit Tower
08:26 Temple of the Damned
08:27 Temple of the Damned
08:29 Black Citadel
08:30 Slaughterhouse
17:35 Spirit Tower
17:37 Spirit Tower
19:34 Ziggurat
19:58 Necropolis
20:41 Necropolis
22:05 Necropolis
» items
| Rod of Necromancy | 3 | |
| Boots of Speed | 1 | |
| Staff of Teleportation | 1 | |
| Potion of Lesser Invulnerability | 1 | |
| Potion of Healing | 2 | |
| Scroll of Town Portal | 3 | |
11 total
colourrbars. (
purple | 55 APM | 1294 actions | 23:43)
6 Blood Mage
2 Banish
3 Flame Strike
1 Summon Phoenix
» actions
| Assign group hotkey | 36 | |
| Basic commands | 6 | |
| Build / train | 53 | |
| Enter build submenu | 15 | |
| Enter hero's abilities submenu | 6 | |
| Give item / drop item | 2 | |
| Remove unit from queue | 1 | |
| Right click | 527 | |
| Select / deselect | 171 | |
| Select group hotkey | 409 | |
| Use ability | 68 | |
1294 total
» units
| Peasant | 9 | |
| Footman | 5 | |
| Sorceress | 9 | |
23 total
» upgrades
| Lumber Harvesting | 2 | |
| Masonry | 3 | |
| Sorceress Training | 2 | |
7 total
» buildings
| Altar of Kings | 1 | |
| Barracks | 1 | |
| Farm | 6 | |
| Scout Tower | 3 | |
| Arcane Tower | 1 | |
| Arcane Vault | 1 | |
| Keep | 1 | |
| Lumber Mill | 1 | |
| Guard Tower | 1 | |
| Arcane Sanctum | 1 | |
| Castle | 1 | |
18 total
» build order
00:09 Altar of Kings
00:22 Barracks
00:38 Farm
00:54 Farm
01:30 Scout Tower
01:37 Farm
01:59 Arcane Tower
02:27 Arcane Vault
03:22 Keep
03:49 Farm
04:21 Lumber Mill
04:27 Scout Tower
04:28 Scout Tower
04:47 Farm
05:56 Guard Tower
06:22 Arcane Sanctum
06:56 Farm
07:38 Castle
» items
| Scroll of Regeneration | 2 | |
| Lesser Clarity Potion | 1 | |
| Staff of Teleportation | 1 | |
| Potion of Lesser Invulnerability | 1 | |
| Potion of Invisibility | 6 | |
11 total
Multipawn (
teal | 26 APM | 610 actions | 23:40)
4 Demon Hunter
2 Mana Burn
2 Evasion
1 Priestess of the Moon
1 Trueshot Aura
» actions
| Build / train | 63 | |
| Enter build submenu | 11 | |
| Enter hero's abilities submenu | 5 | |
| Give item / drop item | 1 | |
| Right click | 235 | |
| Select / deselect | 253 | |
| Use ability | 42 | |
610 total
» units
| Wisp | 10 | |
| Archer | 20 | |
| Hippogryph | 16 | |
46 total
» upgrades
| Hippogryph Taming | 1 | |
| Strength of the Moon | 2 | |
| Moon Armor | 1 | |
4 total
» buildings
| Altar of Elders | 1 | |
| Moon Well | 6 | |
| Ancient of War | 1 | |
| Tree of Ages | 1 | |
| Hunter's Hall | 1 | |
| Ancient of Wind | 2 | |
12 total
» build order
00:09 Altar of Elders
00:23 Moon Well
00:49 Ancient of War
01:27 Moon Well
02:23 Moon Well
04:25 Tree of Ages
05:11 Hunter's Hall
05:33 Moon Well
06:59 Ancient of Wind
07:03 Ancient of Wind
13:46 Moon Well
15:06 Moon Well
» items
| Boots of Speed | 1 | |
| Scroll of Town Portal | 2 | |
| Potion of Healing | 1 | |
| Potion of Lesser Invulnerability | 1 | |
5 total
team 2 (winner)

»
rams_54 (
pink | 59 APM | 1389 actions | 23:43)
5 Blademaster
3 Wind Walk
2 Critical Strike
3 Shadow Hunter
1 Healing Wave
2 Hex
» actions
| Assign group hotkey | 23 | |
| Build / train | 58 | |
| Enter build submenu | 19 | |
| Enter hero's abilities submenu | 9 | |
| Give item / drop item | 2 | |
| Right click | 780 | |
| Select / deselect | 212 | |
| Select group hotkey | 193 | |
| Use ability | 93 | |
1389 total
» units
» upgrades
| Melee Weapons | 1 | |
| Armor | 1 | |
| Shaman Training | 2 | |
4 total
» buildings
| Altar of Storms | 1 | |
| Orc Burrow | 8 | |
| Voodoo Lounge | 1 | |
| War Mill | 1 | |
| Stronghold | 1 | |
| Watch Tower | 2 | |
| Spirit Lodge | 2 | |
| Fortress | 1 | |
| Tauren Totem | 1 | |
| Great Hall | 1 | |
19 total
» build order
00:06 Altar of Storms
00:07 Orc Burrow
01:01 Voodoo Lounge
01:12 Orc Burrow
01:56 War Mill
03:15 Stronghold
03:39 Orc Burrow
04:43 Orc Burrow
04:49 Watch Tower
04:50 Watch Tower
06:14 Spirit Lodge
06:58 Spirit Lodge
08:03 Fortress
09:46 Orc Burrow
10:30 Tauren Totem
17:48 Orc Burrow
17:49 Orc Burrow
17:51 Orc Burrow
21:15 Great Hall
» items
| Healing Salve | 2 | |
| Lesser Clarity Potion | 8 | |
| Scroll of Speed | 2 | |
| Circlet of Nobility | 1 | |
| Boots of Speed | 1 | |
| Scroll of Town Portal | 1 | |
| Orb of Lightning | 1 | |
| Potion of Healing | 1 | |
17 total

»
AthenasEC (
orange | 82 APM | 1948 actions | 23:43)
6 Priestess of the Moon
3 Trueshot Aura
2 Searing Arrows
1 Starfall
5 Keeper of the Grove
3 Entangling Roots
2 Force of Nature
» actions
| Assign group hotkey | 17 | |
| Basic commands | 1 | |
| Build / train | 54 | |
| ESC pressed | 2 | |
| Enter build submenu | 18 | |
| Enter hero's abilities submenu | 11 | |
| Remove unit from queue | 1 | |
| Right click | 907 | |
| Select / deselect | 289 | |
| Select group hotkey | 602 | |
| Use ability | 46 | |
1948 total
» units
| Wisp | 16 | |
| Archer | 7 | |
| Chimaera | 5 | |
| Hippogryph | 5 | |
| Druid of the Talon | 1 | |
34 total
» upgrades
| Reinforced Hides | 2 | |
| Strength of the Wild | 1 | |
| Corrosive Breath | 1 | |
4 total
» buildings
| Moon Well | 8 | |
| Altar of Elders | 1 | |
| Ancient of War | 1 | |
| Tree of Ages | 1 | |
| Tree of Eternity | 1 | |
| Ancient of Wind | 1 | |
| Hunter's Hall | 1 | |
| Chimaera Roost | 3 | |
| Tree of Life | 2 | |
19 total
» build order
00:27 Moon Well
00:47 Altar of Elders
01:10 Moon Well
01:36 Ancient of War
03:02 Tree of Ages
03:07 Moon Well
06:26 Tree of Eternity
07:11 Moon Well
09:06 Ancient of Wind
09:21 Moon Well
09:23 Hunter's Hall
10:18 Chimaera Roost
10:20 Chimaera Roost
10:21 Chimaera Roost
12:07 Moon Well
13:09 Moon Well
14:21 Moon Well
18:02 Tree of Life
21:26 Tree of Life
tbashmon04 (
yellow | 20 APM | 481 actions | 23:43)
2 Death Knight
1 Death Coil
1 Unholy Aura
» actions
| Build / train | 36 | |
| Enter build submenu | 12 | |
| Enter hero's abilities submenu | 2 | |
| Right click | 275 | |
| Select / deselect | 135 | |
| Use ability | 21 | |
481 total
» units
| Acolyte | 13 | |
| Ghoul | 6 | |
| Crypt Fiend | 3 | |
22 total
» upgrades
| Web | 1 | |
| Creature Attack | 1 | |
| Creature Carapace | 1 | |
3 total
» buildings
| Ziggurat | 5 | |
| Crypt | 1 | |
| Altar of Darkness | 1 | |
| Tomb of Relics | 1 | |
| Nerubian Tower | 4 | |
| Halls of the Dead | 1 | |
| Graveyard | 1 | |
| Black Citadel | 1 | |
| Sacrificial Pit | 1 | |
| Boneyard | 1 | |
| Spirit Tower | 1 | |
18 total
» build order
00:10 Ziggurat
00:14 Crypt
00:17 Altar of Darkness
01:02 Tomb of Relics
01:35 Ziggurat
03:25 Nerubian Tower
03:26 Nerubian Tower
03:39 Ziggurat
03:55 Ziggurat
04:35 Nerubian Tower
04:51 Nerubian Tower
04:56 Halls of the Dead
05:03 Graveyard
07:20 Black Citadel
07:26 Sacrificial Pit
07:50 Ziggurat
09:57 Boneyard
12:30 Spirit Tower
» items
GrabYourAnkles (
green | 35 APM | 842 actions | 23:43)
5 Death Knight
3 Death Coil
2 Unholy Aura
4 Dreadlord
2 Sleep
2 Vampiric Aura
» actions
| Assign group hotkey | 14 | |
| Build / train | 61 | |
| Enter build submenu | 14 | |
| Enter hero's abilities submenu | 9 | |
| Right click | 194 | |
| Select / deselect | 170 | |
| Select group hotkey | 344 | |
| Use ability | 36 | |
842 total
» units
| Acolyte | 20 | |
| Ghoul | 3 | |
| Crypt Fiend | 8 | |
| Frost Wyrm | 3 | |
34 total
» upgrades
| Creature Attack | 2 | |
| Creature Carapace | 2 | |
| Web | 1 | |
| Freezing Breath | 1 | |
6 total
» buildings
| Graveyard | 1 | |
| Ziggurat | 6 | |
| Crypt | 2 | |
| Altar of Darkness | 1 | |
| Nerubian Tower | 2 | |
| Halls of the Dead | 1 | |
| Tomb of Relics | 1 | |
| Spirit Tower | 3 | |
| Black Citadel | 1 | |
| Sacrificial Pit | 1 | |
| Boneyard | 2 | |
21 total
» build order
00:59 Graveyard
01:06 Ziggurat
01:25 Crypt
01:36 Altar of Darkness
01:58 Crypt
02:14 Ziggurat
02:33 Nerubian Tower
03:56 Ziggurat
06:09 Ziggurat
06:32 Halls of the Dead
07:03 Tomb of Relics
08:21 Ziggurat
08:24 Spirit Tower
09:04 Black Citadel
10:17 Sacrificial Pit
12:10 Boneyard
12:48 Boneyard
15:21 Ziggurat
17:13 Spirit Tower
17:16 Nerubian Tower
19:41 Spirit Tower
» items
| Potion of Healing | 2 | |
| Scroll of Town Portal | 1 | |
3 total
Chat log
(00:18 / Allies) bEsErKr: yoyoyoy
(00:29 / Allies) Multipawn: yo
(00:35 / Allies) bEsErKr: what do u like to go purp?
(01:18 / Allies) bEsErKr: ok then
(01:28 / Allies) bEsErKr: well i'm going am casters
(01:49 / Allies) Multipawn: archer hip rider
(02:11 / Allies) bEsErKr: watch he gonna go am and get some casters..
(03:06 / All) colourrbars.: sam bradford #1
(03:13 / All) rams_54: lol
(03:41 / Allies) bEsErKr: detonate
(05:35 / Allies) Multipawn: wood?
(05:43 / Allies) Multipawn: ty
(05:52 / Allies) lksokolk1ol1: what units
(05:57 / Allies) lksokolk1ol1: me nec?
(05:58 / Allies) lksokolk1ol1: ok?
(08:24 / Allies) bEsErKr: help
(08:33 / Allies) bEsErKr: hep
(08:47 / Allies) colourrbars.: help him teal
(10:07 / Allies) bEsErKr: lets hit
(10:14 / Allies) bEsErKr: are u fucking serious
(10:17 / Allies) bEsErKr: he is getting casters
(11:34 / Allies) bEsErKr: need u
(11:56 / Allies) Multipawn: wtf you doing
(12:00 / Allies) Multipawn: got you guys are so fucking bad
(12:04 / Allies) bEsErKr: eat shit
(12:05 / Allies) Multipawn: purple you are terrible
(12:11 / Allies) bEsErKr: yea i know
(12:17 / Allies) bEsErKr: i said caster from the beginning
(12:19 / Allies) bEsErKr: and he goes
(12:33 / Allies) bEsErKr: look at chat
(12:37 / Allies) Multipawn: pruple give me your gold
(12:40 / Allies) bEsErKr: i even said watch this noob goes caster
(12:43 / Allies) lksokolk1ol1: repair
(13:09 / Allies) Multipawn: PURPLE GIVE GOLD
(13:13 / Allies) Multipawn: if you want a win
(13:19 / Allies) bEsErKr: dude
(13:22 / Allies) bEsErKr: should killed main
(14:43 / Allies) Multipawn: red out
(14:51 / Allies) Multipawn: we need to get together
(15:11 / Allies) bEsErKr: let purp die lets hit
(15:26 / Allies) lksokolk1ol1: get aaa
(15:32 / Allies) Multipawn: hit
(15:34 / Allies) bEsErKr: i've got poly
(15:52 / Allies) Multipawn: pruple give your gold away
(15:53 / Allies) Multipawn: now
(16:10 / Allies) bEsErKr: tp to my base
(16:21 / Allies) bEsErKr: nvm
(16:30 / Allies) bEsErKr: hit
(17:06 / Allies) Multipawn: hit the main
(17:28 / All) colourrbars.: BASE RACE!
(17:32 / Allies) Multipawn: red upgrade all your towers
(17:35 / Allies) colourrbars.: HIDE SHIT GUSY lol
(17:40 / Allies) bEsErKr: can u guys tp
(17:41 / Allies) lksokolk1ol1: dismout later
(17:41 / Allies) lksokolk1ol1: teal
(17:45 / Allies) bEsErKr: to red if need b
(17:53 / Allies) lksokolk1ol1: tp now
(18:22 / Allies) lksokolk1ol1: now
(18:33 / Allies) Multipawn: tp now
(18:34 / Allies) Multipawn: quick
(18:44 / Allies) lksokolk1ol1: omfg noobs
(19:00 / Allies) Multipawn: sweet tp blue
(19:04 / Allies) lksokolk1ol1: noobs
(19:06 / Allies) lksokolk1ol1: go eat shit
(19:08 / Allies) bEsErKr: shouldn't have
(19:16 / Allies) colourrbars.: we can still win this if blue uses his poly
(19:25 / Allies) bEsErKr: i have been
(19:29 / Allies) lksokolk1ol1: purple is noob
(19:43 / Allies) lksokolk1ol1: stupid noob
(19:45 / Allies) Multipawn: purple is a retard noob, and blue is a tard
(19:56 / Allies) Multipawn: shouldhave tp'd. or at least told us not to
(20:05 / Allies) Multipawn: it's retarded to have 2 ppl TP and 1 person not
(20:07 / Allies) lksokolk1ol1: he died in sec
(20:08 / Allies) bEsErKr: we were killing pink army
(20:09 / Allies) lksokolk1ol1: fucking noob
(20:11 / Allies) lksokolk1ol1: he mass chim
(20:21 / Allies) lksokolk1ol1: no fucking idead
(20:22 / Allies) lksokolk1ol1: idea
(20:24 / Allies) lksokolk1ol1: nooob shit
(20:31 / Allies) Multipawn: are you talking to me?
(20:50 / Allies) lksokolk1ol1: now he is dead
(21:16 / Allies) lksokolk1ol1: no aa
(21:17 / Allies) Multipawn: purple is a dumb noob, but honestly blue you lost us the game
(21:17 / Allies) lksokolk1ol1: still
(21:19 / Allies) Multipawn: we had it
(21:19 / Allies) lksokolk1ol1: have shit
(21:24 / Allies) bEsErKr: cry more
(21:31 / All) colourrbars.: i wish u guys could see our chat lol
(22:07 / Allies) colourrbars.: u can still win this
(22:09 / Allies) colourrbars.: easily
(22:12 / Allies) Multipawn: and purple was too stupid to even give his gold to someone
(22:21 / Allies) lksokolk1ol1: get some rifles
(22:23 / Allies) lksokolk1ol1: damn
(22:43 / Allies) Multipawn: purple you fucking suck.. fucking retard
(22:50 / Allies) colourrbars.: calm down
(22:52 / Allies) lksokolk1ol1: i shouldnt save him
(22:54 / Allies) lksokolk1ol1: just let him died
(22:58 / Allies) Multipawn: yeah
(23:26 / Allies) Multipawn: fuck you purple, if you at least listened I could accept that
(23:26 / Allies) lksokolk1ol1: game
(23:37 / Allies) Multipawn: fucking asshole